 Dungeon Crawl Stone Soup version 0.30-a0-168-g0b976cbdc4 (webtiles) character file.

Game seed: 17565440216190083553

9 squinnward the Vexing (level 2, 0/11 HPs)
             Began as a Felid Enchanter on Sept 29, 2022.
             Slain by a hobgoblin (3 damage)
             ... on level 1 of the Dungeon.
             The game lasted 00:01:07 (123 turns).

squinnward the Vexing (Felid Enchanter)              Turns: 123, Time: 00:01:07

Health: 0/11       AC:  1    Str:  4    XL:     2   Next: 3%
Magic:  6/6        EV: 17    Int: 16    God:
Gold:   27         SH:  0    Dex: 16    Spells: 5/5 levels left
                                        Lives:  0   Deaths: 0

rFire   . . .      SeeInvis +      - Unarmed
rCold   . . .      Faith    .    (shield unavailable)
rNeg    . . .      Spirit   .    (body armour unavailable)
rPois   .          Reflect  .    (helmet unavailable)
rElec   .          Harm     .    (cloak unavailable)
rCorr   .          Rampage  .    (gloves unavailable)
Will    .....                    (boots unavailable)
Stlth   +++.......               (no amulet)
HPRegen 0.03/turn                (no ring)
MPRegen 0.10/turn                (no ring)

@: quick
A: very small, claws 1, fangs 3, see invisible, speed 1, shaggy fur 1, stealthy
paws, no weapons or thrown items, no armour, multi-lived
a: no special abilities


You were on level 1 of the Dungeon.
You visited 1 branch of the dungeon, and saw 1 of its levels.

You collected 27 gold pieces.

Inventory:

Potions
 a - 2 potions of invisibility


   Skills:
 + Level 2.8 Dodging
 + Level 4.4 Stealth
 + Level 1.2 Unarmed Combat
 + Level 2.0 Spellcasting
 + Level 4.5 Hexes


You had 5 spell levels left.
You didn't know any spells.
Your spell library contained the following spells:

 Spells                   Type           Power      Damage    Failure   Level
 Confusing Touch          Hex            16%        N/A       10%         3
 Tukima's Dance           Hex            16%        N/A       10%         3
 Ensorcelled Hibernation  Hex/Ice        16%        N/A       12%         2
 Dazzling Flash           Conj/Hex       16%        N/A       24%         3


Dungeon Overview and Level Annotations

Branches:
Dungeon (1/15)

Altars:


Innate Abilities, Weirdness & Mutations

You have sharp claws.
You have razor-sharp teeth.
You have supernaturally acute eyesight. (SInv)
You cover ground quickly. (Speed+)
You are covered in fur. (AC +1)
Your paws help you pounce on unaware monsters.
You are incapable of wielding weapons or throwing items.
You cannot wear armour.
You gain extra lives every three experience levels.


Message History

You pounce on the unaware helpless quokka!
You claw the quokka!
You kill the quokka!
You now have 27 gold pieces (gained 10).
A ball python comes into view.
A bat comes into view.
The helpless ball python fails to defend itself.
You claw the ball python!
You kill the ball python!
You see here a ball python corpse.
A goblin comes into view. It is wielding a +0 dagger.
Found 5 stones.
The helpless goblin fails to defend itself.
You claw the goblin!
You kill the goblin!
A hobgoblin and a goblin come into view.
Things that are here:
a +0 dagger; a goblin corpse The goblin shouts!
The hobgoblin shouts!
A giant cockroach comes into view.
Things that are here:
a +0 dagger; a goblin corpse You scratch the goblin.
You kill the goblin!
You barely miss the giant cockroach. The giant cockroach bites you.
You barely miss the giant cockroach. The giant cockroach bites you.
The giant cockroach barely misses you.
You scratch the giant cockroach.
You kill the giant cockroach!
You have reached level 2!
You closely miss the hobgoblin. The hobgoblin misses you.
You scratch the hobgoblin but do no damage.
The hobgoblin barely misses you.
You barely miss the hobgoblin. The hobgoblin hits you.
* * * LOW HITPOINT WARNING * * *
You scratch the hobgoblin but do no damage.
The hobgoblin barely misses you.
You scratch the hobgoblin but do no damage.
The hobgoblin hits you.
You die...

........ # ....... (#
.....##.# .## #.......#
.g.. .......###
.....##.#.##...
..........##..#
.....##g####..# .....
#@####..# #...# #.......#
.. #...# #######.# ..####
#...# #.# .....# #...#
#.#
..##.#####...#########.#
#...................##†#
##..†.†..............#.#
#....................#.##


You could see a hobgoblin.

Vanquished Creatures
  A giant cockroach (D:1)
  2 goblins (D:1)
  2 quokkas (D:1)
  A ball python (D:1)
  A bat (D:1)
  A rat (D:1)
8 creatures vanquished.

Notes
Turn   | Place    | Note
-------+----------+-------------------------------------------
     0 | D:1      | squinnward the Felid Enchanter began the quest for the Orb.
     0 | D:1      | Reached XP level 1. HP: 7/7 MP: 4/4
   118 | D:1      | Reached XP level 2. HP: 7/11 MP: 6/6
   123 | D:1      | Slain by a hobgoblin

Illustrated notes

Levels and vault maps discovered:
D:1:      mrwooster_arrival_statue_3, layout_loops_cross,
          ebering_ecumenical_altar_box

Action                   || total
-------------------------++-------
Melee: Unarmed           ||    21
       Bite              ||     2
 Stab: Sleeping          ||     3
Armor: Skin              ||     3
Dodge: Dodged            ||    12

Table legend: (Time is in decaauts)
 A = Elapsed time spent in this place.
 B = Non-inter-level travel time spent in this place.
 C = Inter-level travel time spent in this place.
 D = Time resting spent in this place.
 E = Time spent auto-exploring this place.
 F = Levels seen in this place.
 G = Mean time per level.
                   A        B        C        D        E       F      G
               +--------+--------+--------+--------+--------+-----+--------+
         Total |    103 |    103 |      0 |      0 |     11 |   1 |  103.0 |
       Dungeon |    103 |    103 |      0 |      0 |     11 |   1 |  103.0 |
               +--------+--------+--------+--------+--------+-----+--------+

Top non-repeatable levels by time:
     D:1: 103 daAuts
